 Dungeon Sprint DCSS version 0.30-a0-177-g1cb5dbfd7a (webtiles) character file.

Game seed: 3251179500187156202

23 rocky1 the Chopper (level 2, -2/39 HPs)
             Began as a Hill Orc Gladiator on Oct 3, 2022.
             Was an Initiate of Okawaru.
             Slain by a gnoll sergeant
             ... wielding a +1 trident of venom
              (9 damage)
             ... in the Dungeon (Sprint VII: "The Pits").
             The game lasted 00:01:24 (174 turns).

rocky1 the Chopper (Hill Orc Gladiator)              Turns: 174, Time: 00:01:25

Health: -2/39      AC:  4    Str: 16    XL:     2   Next: 95%
Magic:  3/3        EV: 12    Int:  8    God:    Okawaru [......]
Gold:   0          SH:  0    Dex: 12    Spells: 1/1 levels left

rFire   . . .      SeeInvis .    a - +0 war axe
rCold   . . .      Faith    .    (no shield)
rNeg    . . .      Spirit   .    b - +0 leather armour
rPois   .          Reflect  .    c - +0 helmet
rElec   .          Harm     .    (no cloak)
rCorr   .          Rampage  .    (no gloves)
Will    .....      NoTele   +    (no boots)
Stlth   ..........               (no amulet)
HPRegen 0.26/turn                (no ring)
MPRegen 0.08/turn                (no ring)

@: berserking (expiring), lethally poisoned (-2 -> -18), invisible, very quick
A: no striking features
a: Renounce Religion


You were in the Dungeon.
You worshipped Okawaru.
Okawaru was noncommittal.
You visited 1 branch

Inventory:

Hand Weapons
 a - a +0 war axe (weapon)
Missiles
 d - 3 throwing nets (quivered)
 e - a javelin
Armour
 b - a +0 leather armour (worn)
 c - a +0 helmet (worn)
Scrolls
 k - a scroll of blinking
 m - 5 scrolls of amnesia
 n - a scroll of summoning
Potions
 f - 6 potions of curing
 g - 5 potions of heal wounds
 h - a potion of haste
 i - 4 potions of magic
 j - 2 potions of berserk rage
 l - a potion of invisibility


   Skills:
 + Level 3.6 Fighting
 * Level 5.8 Axes
 - Level 1.7 Throwing
 + Level 2.3 Armour
 + Level 3.1 Dodging
 + Level 2.2 Invocations


You had one spell level left.
You didn't know any spells.
Your spell library was empty.

Dungeon Overview and Level Annotations

Branches:
Dungeon (1/1)

Altars:
Ashenzari
Cheibriados
Dithmenos
Elyvilon
Fedhas
Gozag
Hepliaklqana
Kikubaaqudgha
Makhleb
Nemelex Xobeh
Okawaru
Qazlal
Ru
Sif Muna
Trog
Uskayaw
Vehumet
Wu Jian
Xom
Yredelemnul
Zin
The Shining One
Beogh
Jiyva
Lugonu


Message History

Okawaru accepts your kill.
Your Armour skill increases to level 2!
Your Dodging skill increases to level 3!
Your Invocations skill increases to level 2!
You barely miss the gnoll sergeant.
The gnoll sergeant hits you with a +1 trident of venom!
The crimson imp blinks!
You catch the helpless gnoll sergeant completely off-guard!
You slash the gnoll sergeant!
The gnoll sergeant is moderately wounded.
The gnoll sergeant hits you with a +1 trident of venom!
* * * LOW HITPOINT WARNING * * *
You are lethally poisoned!
The gnoll sergeant misses you.
You feel much better.
You feel sick. The gnoll sergeant closely misses you.
Unknown command.
A red film seems to cover your vision as you go berserk!
You feel yourself moving faster!
You feel mighty!
You feel sick.
The gnoll sergeant hits you with a +1 trident of venom!
You are more poisoned.
The crimson imp blinks!
You completely miss the gnoll sergeant.
The gnoll sergeant is moderately wounded.
You feel very sick.
You hit the gnoll sergeant.
The gnoll sergeant is heavily wounded.
You feel sick.
The gnoll sergeant hits you with a +1 trident of venom!
You are lethally poisoned!
You hit the gnoll sergeant but do no damage.
The gnoll sergeant is heavily wounded.
* * * LOW HITPOINT WARNING * * *
You feel very sick. The gnoll sergeant barely misses you.
You barely miss the gnoll sergeant.
The gnoll sergeant is heavily wounded.
* * * LOW HITPOINT WARNING * * *
You feel very sick.
The gnoll sergeant hits you with a +1 trident of venom!
You die...

#_________.#
#_______...#######
##########'##.....
#.?(.')))'.##.....
##########.##.....
#..........†'.....
#'#####'#####.....
#.#..†..#[[##.....
#@#.....#))#####'#
#g###'###))##.....
#W#.....#))##.....
#g#.....#..##.....
#5####'##'###...<.
#.#...†....##.....
#.#..†.....##.....
#'###########.....
#...g.g.# ######


You could see a phantom (unable to see you), a gnoll sergeant (unable to see
you), a gnoll (unable to see you) and a crimson imp (unable to see you).

Vanquished Creatures
  A gnoll (D)
  An ufetubus (D)
  A ball python (D)
  A giant cockroach (D)
  A hobgoblin (D)
  A bat (D)
  A frilled lizard (D)
  A giant cockroach zombie (D)
  A quokka skeleton (D)
  A rat (D)
10 creatures vanquished.

Notes
Turn   | Place    | Note
-------+----------+-------------------------------------------
     0 | D        | rocky1 the Hill Orc Gladiator began the quest for the Orb.
     0 | D        | Reached XP level 1. HP: 18/18 MP: 1/1
    39 | D        | Found a bloodstained altar of Trog.
    39 | D        | Found a shimmering blue altar of Sif Muna.
    39 | D        | Found a viscous altar of Jiyva.
    39 | D        | Found a hazy altar of Hepliaklqana.
    39 | D        | Found an opulent altar of Gozag.
    40 | D        | Found a glowing golden altar of the Shining One.
    40 | D        | Found a glowing silver altar of Zin.
    40 | D        | Found a basalt altar of Yredelemnul.
    40 | D        | Found a shimmering altar of Xom.
    40 | D        | Found an ornate altar of the Wu Jian Council.
    40 | D        | Found a sacrificial altar of Ru.
    40 | D        | Found a stormy altar of Qazlal.
    40 | D        | Found an iron altar of Okawaru.
    40 | D        | Found a sparkling altar of Nemelex Xobeh.
    40 | D        | Found a burning altar of Makhleb.
    40 | D        | Found a blossoming altar of Fedhas.
    40 | D        | Found a white marble altar of Elyvilon.
    40 | D        | Found a shadowy altar of Dithmenos.
    40 | D        | Found a snail-covered altar of Cheibriados.
    42 | D        | Found a radiant altar of Vehumet.
    42 | D        | Found a corrupted altar of Lugonu.
    42 | D        | Found a roughly hewn altar of Beogh.
    43 | D        | Found a hide-covered altar of Uskayaw.
    43 | D        | Found an ancient bone altar of Kikubaaqudgha.
    43 | D        | Found a broken altar of Ashenzari.
    48 | D        | Became a worshipper of Warmaster Okawaru
    81 | D        | Reached skill level 1 in Armour
    81 | D        | Reached skill level 1 in Invocations
    81 | D        | Reached XP level 2. HP: 26/26 MP: 2/2
    90 | D        | Reached skill level 5 in Axes
   154 | D        | Noticed a gnoll sergeant
   154 | D        | Noticed a crimson imp
   156 | D        | Noticed a phantom
   168 | D        | HP: 1/26 [gnoll sergeant/+1 trident of venom (10)]
   174 | D        | Slain by a gnoll sergeant

Illustrated notes

Levels and vault maps discovered:
D:        pitsprint [storerooms_1, entrance_room_1, metal_vault_4, armoury_2,
          mini_pit_1, grid_room_1, main_hall_1, silver_pit, the_coven_3,
          the_vestibule_1, steel_vault_1, golden_pit, hallway_of_sentries,
          crystal_vault_4, iron_vault_2, final_vault]

Skill      XL: |  1  2 |
---------------+-------+-----
Fighting       | 3 |  3.6
Armour         | 1 2 |  2.3
Invocations    | 1 2 |  2.2
Axes           | 5 |  5.8
Dodging        | 3 |  3.1
Throwing       | |  1.7

Action                   || total
-------------------------++-------
Melee: War axe           ||    25
  Use: Potion            ||     3
 Stab: Invisible         ||     1
Armor: Leather armour    ||     6
Dodge: Dodged            ||    21

Table legend: (Time is in decaauts)
 A = Elapsed time spent in this place.
 B = Non-inter-level travel time spent in this place.
 C = Inter-level travel time spent in this place.
 D = Time resting spent in this place.
 E = Time spent auto-exploring this place.
 F = Levels seen in this place.
 G = Mean time per level.
                   A        B        C        D        E       F      G
               +--------+--------+--------+--------+--------+-----+--------+
         Total |    178 |    160 |     18 |      0 |      0 |   1 |  178.0 |
       Dungeon |    178 |    160 |     18 |      0 |      0 |   1 |  178.0 |
               +--------+--------+--------+--------+--------+-----+--------+

Top non-repeatable levels by time:
       D: 178 daAuts
